 Dungeon Crawl Stone Soup version 0.29.0-13-gc9e81de378 (webtiles) character file.

Game seed: 690164956119156789

168 tilp the Grave Robber (level 5, -14/41 HPs)
             Began as a Mummy Necromancer on Sept 8, 2022.
             Demolished by an ogre
             ... wielding a +0 giant club
              (29 damage)
             ... on level 3 of the Dungeon.
             The game lasted 00:04:00 (3483 turns).

tilp the Grave Robber (Mummy Necromancer)           Turns: 3483, Time: 00:04:00

Health: -14/41     AC:  3    Str: 11    XL:     5   Next: 24%
Magic:  0/9        EV: 12    Int: 17    God:
Gold:   133        SH:  0    Dex: 12    Spells: 6/10 levels left

rFire   x . .      SeeInvis .   f - +0 dagger
rCold   + . .      Faith    .   (no shield)
rNeg    + + +      Spirit   .   a - +0 robe
rPois   ∞          Reflect  .   d - +0 helmet
rElec   .          Harm     .   (no cloak)
rCorr   .          Rampage  .   (no gloves)
Will    .....                   (no boots)
Stlth   ++........              (no amulet)
HPRegen 0.13/turn               (no ring)
MPRegen 0.11/turn               (no ring)

@: no status effects
A: cold resistance 1, negative energy resistance 3, torment resistance 2, heat
vulnerability 1, in touch with death 1, no potions
a: no special abilities


You were on level 3 of the Dungeon.
You visited 1 branch of the dungeon, and saw 3 of its levels.

You collected 133 gold pieces.

Inventory:

Hand Weapons
 f - a +0 dagger (weapon)
Missiles
 b - 5 atropa-tipped darts
 c - 15 stones (quivered)
Armour
 a - a +0 robe (worn)
 d - a +0 helmet (worn)
Scrolls
 e - a scroll of identify
 g - a scroll of teleportation
 h - 3 scrolls of butterflies
 i - a scroll of noise {unknown}


   Skills:
 * Level 3.0 Fighting
 - Level 2.0 Dodging
 - Level 2.0 Stealth
 - Level 3.0 Spellcasting
 * Level 5.2 Necromancy


You had 6 spell levels left.
You knew the following spells:

 Your Spells              Type           Power      Damage    Failure   Level
a - Necrotise             Necr           100%       1d9       1%          1
b - Vampiric Draining     Necr           30%        2d8       6%          3

Your spell library contained the following spells:

 Spells                   Type           Power      Damage    Failure   Level
 Animate Dead             Necr           30%        N/A       21%         4
 Portal Projectile        Hex/Tloc       4%         N/A       45%         3
 Tukima's Dance           Hex            2%         N/A       45%         3
 Agony                    Necr           30%        N/A       50%         5
 Blade Hands              Tmut           Unusable   N/A       N/A         5

Dungeon Overview and Level Annotations

Branches:
Dungeon (3/15)

Altars:

Annotations:
D:3 exclusion: 4 doors


Innate Abilities, Weirdness & Mutations

You are immune to poison.
Your flesh is cold resistant. (rC+)
You are immune to negative energy. (rN+++)
You are immune to unholy pain and torment.
You are vulnerable to heat. (rF-)
You are in touch with the powers of death.
You do not drink.


Message History

Press: ? - help, Shift-Dir - straight line, f/p - ogre
Aim: an ogre, wielding a +0 giant club (severely wounded, chance to affect: 83%)
You feel a surge of power!
The ogre writhes in agony.
Unknown command.
Casting: Necrotise (safe; 1% risk of failure)
Confirm with . or Enter, or press ? or * to list all spells.
Aiming: Vampiric Draining (dangerous; 6% risk of failure)
Press: ? - help, Shift-Dir - straight line, f/p - ogre
Aim: an ogre, wielding a +0 giant club (severely wounded)
You feel a surge of power!
You draw life force from the ogre.
The ogre hits you with a +0 giant club!!
Ouch! That really hurt!
* * * LOW HITPOINT WARNING * * *
Casting: Vampiric Draining (dangerous; 6% risk of failure)
Confirm with . or Enter, or press ? or * to list all spells.
You don't have enough magic to cast this spell.
Unknown command.
Unknown command.
Casting: Vampiric Draining (dangerous; 6% risk of failure)
Confirm with . or Enter, or press ? or * to list all spells.
Aiming: Necrotise (safe; 1% risk of failure)
Press: ? - help, Shift-Dir - straight line, f/p - ogre
Aim: an ogre, wielding a +0 giant club (almost dead, chance to affect: 83%)
You feel a surge of power!
The ogre writhes in agony.
The goblin unwields a +0 sling.
The goblin wields a +0 club.
The goblin misses you. The ogre barely misses you.
Unknown command.
Casting: Necrotise (safe; 1% risk of failure)
Confirm with . or Enter, or press ? or * to list all spells.
Aiming: Necrotise (safe; 1% risk of failure)
Press: ? - help, Shift-Dir - straight line, f/p - ogre
Aim: an ogre, wielding a +0 giant club (almost dead, chance to affect: 83%)
You feel a surge of power!
The ogre writhes in agony.
The goblin barely misses you.
Unknown command.
You barely miss the ogre.
The ogre is almost dead.
The ogre hits you with a +0 giant club!!
Ouch! That really hurt!
You die...

####....# #.# #....#..#
#.# #.##...## # # #.#
###.###.##### #.
#>######..........<.
#.#
#........#.###.#####
..###.#######.#.##.#
### #.##.##.....###...#
... #....O@.####.#Z####
#.###(##.g...>)...##
.#####.O.##############
(..g.g..## #########


You could see an ogre and a goblin.

Vanquished Creatures
  A howler monkey (D:3)
  A hound (D:3)
  3 adders (D:2)
  2 gnolls (D:3)
  5 endoplasms
  2 giant cockroaches (D:1)
  5 hobgoblins
  11 jackals (D:3)
  4 kobolds
  A quokka (D:1)
  4 ball pythons
  4 bats
  2 frilled lizards
  3 goblins
  5 rats
53 creatures vanquished.

Vanquished Creatures (collateral kills)
  3 jackals (D:3)
  A ball python (D:2)
4 creatures vanquished.

Vanquished Creatures (others)
  A plant (D:3)
1 creature vanquished.

Grand Total: 58 creatures vanquished

Notes
Turn   | Place    | Note
-------+----------+-------------------------------------------
     0 | D:1      | tilp the Mummy Necromancer began the quest for the Orb.
     0 | D:1      | Reached XP level 1. HP: 13/13 MP: 4/4
   867 | D:1      | Reached XP level 2. HP: 20/20 MP: 2/5
  1314 | D:1      | Reached skill level 1 in Fighting
  1414 | D:1      | Found a faded altar of an unknown god.
  1622 | D:2      | Gained mutation: You are in touch with the powers of death.
                  | [Mummy growth]
  1622 | D:2      | Reached XP level 3. HP: 15/26 MP: 1/7
  1768 | D:2      | Learned a level 3 spell: Vampiric Draining
  2922 | D:3      | Reached XP level 4. HP: 29/33 MP: 8/8
  3197 | D:3      | Reached skill level 5 in Necromancy
  3222 | D:3      | Reached XP level 5. HP: 31/39 MP: 0/9
  3463 | D:3      | Noticed an ogre
  3483 | D:3      | Demolished by an ogre

Illustrated notes

Levels and vault maps discovered:
D:1:      dpeg_arrival_prison, layout_loops_corners,
          shapermc_ecumenical_altar_hornbeckon, grunt_decor_resistance
D:2:      layout_basic, hangedman_abyss_or_decor_lesser_grid
D:3:      lemuel_castle_with_subvaults [lemuel_castle_interior_original],
          layout_loops_ring

Skill      XL: |  1  2  3  4  5 |
---------------+----------------+-----
Fighting       | 1 2 3 |  3.0
Spellcasting   | 3 |  3.0
Stealth        | 2 |  2.0
Dodging        | 2 |  2.0
Necromancy     | 5 |  5.2

Action                   |  1- 3 |  4- 6 || total
-------------------------+-------+-------++-------
Melee: Dagger            |    42 |    27 ||    69
       Punch             |     1 |       ||     1
Throw: Stone             |     2 |       ||     2
       Dart              |       |     1 ||     1
 Cast: Necrotise         |    76 |    25 ||   101
       Vampiric Draining |       |     5 ||     5
  Use: Scroll            |     3 |       ||     3
 Stab: Sleeping          |     1 |       ||     1
Armor: Robe              |    21 |     9 ||    30
Dodge: Dodged            |    31 |    40 ||    71
